 Dungeon Crawl Stone Soup version 0.25-a0-860-gf695395b5c (webtiles) character file.

Game seed: 8884715853167073742, levelgen mode: deterministic

249 DildoBatman the Conjurer (level 6, 0/41 HPs)
             Began as a Formicid Wizard on Apr 28, 2020.
             Slain by an ogre
             ... wielding a +0 giant spiked club
              (29 damage)
             ... on level 4 of the Dungeon.
             The game lasted 00:06:47 (3021 turns).

DildoBatman the Conjurer (Formicid Wizard)          Turns: 3021, Time: 00:06:48

Health: 0/41       AC:  7    Str: 11    XL:     6   Next: 34%
Magic:  2/10       EV: 12    Int: 20    God:
Gold:   151        SH:  0    Dex:  9    Spells: 4/11 levels left

rFire    . . .     SeeInvis +   b - +0 short sword
rCold    . . .     Gourm    .   (no shield)
rNeg     . . .     Faith    .   i - +0 robe
rPois    .         Spirit   .   (helmet unavailable)
rElec    .         Reflect  .   (no cloak)
rCorr    .         Harm     .   (no gloves)
MR       .....                  (no boots)
Stlth    ++........             (no amulet)
HPRegen  0.13/turn              p - +5 ring of protection
MPRegen  0.12/turn              u - ring of teleportation (curse)

@: no status effects
A: permanent stasis, dig shafts and tunnels, four strong arms, antennae 3
a: Dig, Shaft Self


You were on level 4 of the Dungeon.
You were not hungry.

You visited 1 branch of the dungeon, and saw 4 of its levels.

You collected 151 gold pieces.

Inventory:

Hand Weapons
 a - a +0 spear
 b - a +0 short sword (weapon)
Missiles
 g - 65 arrows
 h - 16 stones (quivered)
 q - 22 bolts
 s - 12 poisoned darts
Armour
 i - a +0 robe (worn)
Jewellery
 p - a +5 ring of protection (left hand)
 u - a cursed ring of teleportation (right hand)
Scrolls
 d - 2 scrolls of enchant weapon
 f - 3 scrolls of amnesia
 k - a scroll of noise {unknown}
 l - a scroll of magic mapping {unknown}
 m - 2 scrolls of remove curse
 o - a scroll of enchant armour {unknown}
 z - a scroll of identify
Potions
 j - a potion of flight {unknown}
 n - a potion of stabbing {unknown}
 r - a potion of invisibility {unknown}
 t - a potion of lignification
 w - a potion of mutation {unknown}
 x - a potion of cancellation {unknown}
Comestibles
 c - a chunk of flesh
 v - 8 rations


   Skills:
 - Level 1.7 Dodging
 - Level 2.4 Stealth
 - Level 3.2 Spellcasting
 * Level 5.4 Conjurations
   Level 1.0 Summonings
   Level 0.8 Translocations


You had 4 spell levels left.
You knew the following spells:

 Your Spells              Type           Power        Failure   Level  Hunger
a - Conjure Flame         Conj/Fire      ##......     14%         3    ###....
c - Magic Dart            Conj           ####         1%          1    None
e - Mephitic Cloud        Conj/Pois/Air  ##......     21%         3    ###....

Your spell library contained the following spells:

 Spells                   Type           Power        Failure   Level  Hunger
 Call Imp                 Summ           #.......     14%         2    ##.....
 Slow                     Hex            #.......     22%         2    ##.....
 Blink                    Tloc           Unusable     N/A         2    N/A

Dungeon Overview and Level Annotations

Branches:
Dungeon (4/15)
 Temple: D:4-7

Altars:
Gozag


Innate Abilities, Weirdness & Mutations

You cannot be hasted, slowed, berserked, paralysed or teleported.
You can dig through walls and to a lower floor.
Your four strong arms can wield two-handed weapons with a shield.
You have a pair of large antennae on your head. (SInv)


Message History

Attack whom?
Press: ? - help, Dir - move target cursor, f/p - ogre
Aim: an ogre, wielding a +0 giant spiked club (severely wounded, confused)
You reach to attack!
You hit the ogre.
The ogre is almost dead.
You catch the helpless ogre completely off-guard!
You hit the ogre.
The ogre is almost dead.
The ogre seems less confused.
The ogre misses you.
b - a +0 short sword (weapon)
You barely miss the ogre.
The ogre is almost dead.
The ogre barely misses you.
You barely miss the ogre.
The ogre is almost dead.
The ogre hits you with a +0 giant spiked club!!
Ouch! That really hurt!
You die...

# .. ...
.... .....
####......
#<@O......
####......
..... ....
... ##


You could see an ogre.

Vanquished Creatures
  A howler monkey (D:3)
  An orc priest (D:3)
  A hound (D:4)
  A bullfrog skeleton (D:4)
  5 adders
  A worm (D:2)
  3 dart slugs
  5 leopard geckos
  9 orcs (D:3)
  A ball python (D:3)
  8 bats
  5 giant cockroaches
  4 hobgoblins
  4 jackals (D:3)
  4 kobolds
  6 frilled lizards
  7 goblins
  6 rats
72 creatures vanquished.

Notes
Turn   | Place    | Note
-------+----------+-------------------------------------------
     0 | D:1      | DildoBatman the Formicid Wizard began the quest for the
                  | Orb.
     0 | D:1      | Reached XP level 1. HP: 13/13 MP: 4/4
    54 | D:1      | Reached skill level 1 in Conjurations
   123 | D:1      | Reached XP level 2. HP: 17/19 MP: 0/6
   248 | D:1      | Reached skill level 2 in Conjurations
   522 | D:1      | Reached XP level 3. HP: 24/24 MP: 2/7
   532 | D:1      | Learned a level 3 spell: Conjure Flame
   536 | D:1      | Learned a level 3 spell: Mephitic Cloud
  1129 | D:2      | Reached skill level 3 in Conjurations
  1626 | D:2      | Reached XP level 4. HP: 20/30 MP: 2/8
  1909 | D:3      | Found an opulent altar of Gozag.
  1944 | D:3      | Reached skill level 4 in Conjurations
  1944 | D:3      | Reached XP level 5. HP: 28/35 MP: 0/9
  2740 | D:3      | Reached skill level 5 in Conjurations
  2740 | D:3      | Reached XP level 6. HP: 4/41 MP: 0/10
  3001 | D:4      | Noticed an ogre
  3021 | D:4      | Slain by an ogre

Levels and vault maps discovered:
D:1:      evilmike_arrival_crescent, layout_basic, serial_bayou,
          serial_bayou_lake_a, serial_bayou_pond_b, serial_bayou_shore_a,
          serial_bayou_ford_a
D:2:      layout_basic, minmay_small_reverse_x
D:3:      minmay_evil_eye, layout_loops_ring, grunt_gozag_statues, first_ration
D:4:      layout_basic

Skill      XL: |  1  2  3  4  5 |
---------------+----------------+-----
Conjurations   | 1 2 3 4 5 |  5.4
Dodging        | |  1.7
Stealth        | |  2.4
Spellcasting   | |  3.2
Summonings     | |  1.0
Translocations | |  0.8

Action                   |  1- 3 |  4- 6 || total
-------------------------+-------+-------++-------
Melee: Unarmed           |    18 |       ||    18
       Short sword       |    15 |    56 ||    71
       Spear             |       |     5 ||     5
 Cast: Magic Dart        |    81 |    81 ||   162
       Mephitic Cloud    |     1 |     1 ||     2
 Abil: Dig               |     2 |       ||     2
  Use: Potion            |       |     3 ||     3
       Scroll            |       |     4 ||     4
 Stab: Confused          |       |     1 ||     1
  Eat: Chunk             |     2 |     5 ||     7
Armor: Robe              |    15 |    25 ||    40
       Skin              |       |     1 ||     1
Dodge: Dodged            |    33 |    54 ||    87

Table legend:
 A = Non-vault XP
 B = Vault XP
 C = Vault XP percentage of total XP
 D = Non-vault monster count
 E = Vault monster count
 F = Vault count percentage of total count
                 A         B        C        D         E       F
            +---------+---------+-------+---------+---------+-------
      Total |     318 |      38 |  10.7 |      62 |      10 |  13.9
            +---------+---------+-------+---------+---------+-------
        D:1 |      34 |       5 |  12.8 |      18 |       3 |  14.3
        D:2 |      34 |      18 |  34.6 |      12 |       4 |  25.0
        D:3 |     186 |      15 |   7.5 |      30 |       3 |   9.1
        D:4 |      64 |       0 |   0.0 |       2 |       0 |   0.0
            +---------+---------+-------+---------+---------+-------
